PL
PHILADELPHIA 1776 BC @ BOSTON PATRIOTS
09/09/2029
 
TOP OF THE 1ST
Philadelphia 1776 BC batting - Pitching for Boston Patriots : RHP Cameron Frye
Pitching: RHP Cameron Frye
Batting: LHB José Rodríguez 0-0: Ball
1-0: Swinging Strike
1-1: Foul Ball, location: 2F
1-2: Ball
2-2: Foul Ball, location: 2F
2-2: Fly out, F4 (Line Drive, 4)
Batting: LHB Tony Vega 0-0: Ball
1-0: Called Strike
1-1: Called Strike
1-2: SINGLE (Line Drive, 34)
Batting: LHB Manoo Satyavrat 0-0: Ball
1-0: Called Strike
1-1: Ball
2-1: Ground out 4-3 (Groundball, 4S)
Tony Vega to second
Batting: RHB Fernando Rivera 0-0: Ball
1-0: Foul Ball, location: 2F
1-1: Called Strike
1-2: Ball
2-2: Ball
3-2: Base on Balls
Batting: LHB Jeff Rutherford 0-0: 3-RUN HOME RUN (Flyball, 9LD), Distance : 356 ft
Batting: RHB John Schnatter 0-0: Ball
1-0: Ball
2-0: Ball
3-0: Called Strike
3-1: Called Strike
3-2: Foul Ball, location: 2F
3-2: Foul Ball, location: 2F
3-2: Ground out 4-3 (Groundball, 34)
Top of the 1st over - 3 runs, 2 hits, 0 errors, 0 left on base; Philadelphia 1776 3 - Boston 0
BOTTOM OF THE 1ST
Boston Patriots batting - Pitching for Philadelphia 1776 BC : RHP Bill Tugwell
Pitching: RHP Bill Tugwell
Batting: LHB Bill Chambers 0-0: Ball
1-0: Ball
2-0: Ball
3-0: Base on Balls
Batting: RHB Tommy Jones 0-0: Ball
1-0: Foul Ball, location: 2F
1-1: Foul Ball, location: 2F
1-2: Fly out, F7 (Flyball, 7LDF)
Batting: RHB Karl Schultz 0-0: Fly out, F9 (Flyball, 9)
Batting: LHB Timmy Appeldoorn 0-0: Called Strike
0-1: Ground out 4-3 (Groundball, 4)
Bottom of the 1st over - 0 runs, 0 hits, 0 errors, 1 left on base; Philadelphia 1776 3 - Boston 0
TOP OF THE 2ND
Philadelphia 1776 BC batting - Pitching for Boston Patriots : RHP Cameron Frye
Batting: LHB Cliff Aldridge 0-0: SINGLE (Groundball, 4MD)
Batting: RHB Dave Morris 0-0: Ground out 5-3 (Groundball, 56S)
Cliff Aldridge to second
Batting: RHB Kent Summey 0-0: Ball
1-0: Ball
2-0: Ball
3-0: Called Strike
3-1: Foul Ball, location: 2F
3-2: Ground out 6-3 (Groundball, 6S)
Cliff Aldridge to third
Batting: LHB José Rodríguez 0-0: Swinging Strike
0-1: Called Strike
0-2: Ball
1-2: Strikes out swinging
Top of the 2nd over - 0 runs, 1 hit, 0 errors, 1 left on base; Philadelphia 1776 3 - Boston 0
BOTTOM OF THE 2ND
Boston Patriots batting - Pitching for Philadelphia 1776 BC : RHP Bill Tugwell
Batting: RHB Tamasaburo Kato 0-0: Called Strike
0-1: Ball
1-1: Called Strike
1-2: Ground out 1-3 (Groundball, 13)
Batting: RHB Terry Armstrong 0-0: Fly out, F9 (Line Drive, 9D)
Batting: SHB Jorge Velázquez 0-0: Called Strike
0-1: Fly out, F9 (Flyball, 9)
Bottom of the 2nd over - 0 runs, 0 hits, 0 errors, 0 left on base; Philadelphia 1776 3 - Boston 0
TOP OF THE 3RD
Philadelphia 1776 BC batting - Pitching for Boston Patriots : RHP Cameron Frye
Batting: LHB Tony Vega 0-0: Ground out 5-3 (Groundball, 56)
Batting: LHB Manoo Satyavrat 0-0: Ball
1-0: Ball
2-0: Swinging Strike
2-1: Foul Ball, location: 2F
2-2: Ground out 4-3 (Groundball, 34)
Batting: RHB Fernando Rivera 0-0: Ball
1-0: Foul Ball, location: 2F
1-1: Ball
2-1: Called Strike
2-2: Ball
3-2: Ground out 6-3 (Groundball, 6)
Top of the 3rd over - 0 runs, 0 hits, 0 errors, 0 left on base; Philadelphia 1776 3 - Boston 0
BOTTOM OF THE 3RD
Boston Patriots batting - Pitching for Philadelphia 1776 BC : RHP Bill Tugwell
Batting: RHB Eddie O'Bryan 0-0: Called Strike
0-1: Called Strike
0-2: Foul Ball, location: 2F
0-2: Ball
1-2: Foul Ball, location: 2F
1-2: Foul Ball, location: 2F
1-2: Strikes out swinging
Batting: LHB Alberto Enríquez 0-0: Ball
1-0: Ball
2-0: Ball
3-0: Called Strike
3-1: SINGLE (Line Drive, 4M)
Batting: LHB Bill Chambers 0-0: Ball
1-0: Fly out, F8 (Flyball, 8RD)
Batting: RHB Tommy Jones 0-0: Swinging Strike
0-1: SINGLE (Groundball, 56D)
Alberto Enríquez to second
Batting: RHB Karl Schultz 0-0: Foul Ball, location: 2F
0-1: Called Strike
0-2: Ball
1-2: Foul Ball, location: 2F
1-2: Ball
2-2: Strikes out swinging
Bottom of the 3rd over - 0 runs, 2 hits, 0 errors, 2 left on base; Philadelphia 1776 3 - Boston 0
TOP OF THE 4TH
Philadelphia 1776 BC batting - Pitching for Boston Patriots : RHP Cameron Frye
Batting: LHB Jeff Rutherford 0-0: Called Strike
0-1: Ball
1-1: Ball
2-1: Foul Ball, location: 2F
2-2: DOUBLE (Line Drive, 7LM)
Batting: RHB John Schnatter 0-0: Ball
1-0: Foul Ball, location: 2F
1-1: Called Strike
1-2: Strikes out swinging
Batting: LHB Cliff Aldridge 0-0: Swinging Strike
0-1: Foul Ball, location: 2F
0-2: Ground out 5-3 (Groundball, 56)
Batting: RHB Dave Morris 0-0: Called Strike
0-1: Ball
1-1: Swinging Strike
1-2: Fly out, F7 (Flyball, 78M)
Top of the 4th over - 0 runs, 1 hit, 0 errors, 1 left on base; Philadelphia 1776 3 - Boston 0
BOTTOM OF THE 4TH
Boston Patriots batting - Pitching for Philadelphia 1776 BC : RHP Bill Tugwell
Batting: LHB Timmy Appeldoorn 0-0: Called Strike
0-1: Ball
1-1: Swinging Strike
1-2: Ball
2-2: Strikes out swinging
Batting: RHB Tamasaburo Kato 0-0: Called Strike
0-1: Ball
1-1: Ball
2-1: Foul Ball, location: 2F
2-2: Foul Ball, location: 2F
2-2: Foul Ball, location: 2F
2-2: Foul Ball, location: 2F
2-2: Ball
3-2: Base on Balls
Batting: RHB Terry Armstrong 0-0: Ball
Passed Ball!
Tamasaburo Kato to second
1-0: Foul Ball, location: 2F
1-1: Ball
2-1: Ground out 3-1 (Groundball, 34)
Tamasaburo Kato to third
Batting: SHB Jorge Velázquez 0-0: Ball
1-0: Called Strike
1-1: Fly out, F4 (Flyball, 4MD)
Bottom of the 4th over - 0 runs, 0 hits, 0 errors, 1 left on base; Philadelphia 1776 3 - Boston 0
TOP OF THE 5TH
Philadelphia 1776 BC batting - Pitching for Boston Patriots : RHP Cameron Frye
Batting: RHB Kent Summey 0-0: Ball
1-0: Ground out 5-3 (Groundball, 5)
Batting: LHB José Rodríguez 0-0: Called Strike
0-1: Ball
1-1: Ball
2-1: Foul Ball, location: 2F
2-2: Ball
3-2: Strikes out swinging
Batting: LHB Tony Vega 0-0: Ball
1-0: Ball
2-0: Ball
3-0: Called Strike
3-1: Base on Balls
Batting: LHB Manoo Satyavrat 0-0: Called Strike
0-1: Ball
1-1: Fly out, F9 (Line Drive, 9LD)
Top of the 5th over - 0 runs, 0 hits, 0 errors, 1 left on base; Philadelphia 1776 3 - Boston 0
BOTTOM OF THE 5TH
Boston Patriots batting - Pitching for Philadelphia 1776 BC : RHP Bill Tugwell
Batting: RHB Eddie O'Bryan 0-0: Ball
1-0: Swinging Strike
1-1: Foul Ball, location: 2F
1-2: Ball
2-2: Ball
3-2: SINGLE (Flyball, 7S)
Batting: LHB Alberto Enríquez 0-0: Ball
1-0: Sac Bunt - play at first, batter OUT! 1-4
Eddie O'Bryan to second
Batting: LHB Bill Chambers 0-0: Ball
1-0: Ball
2-0: Called Strike
2-1: Foul Ball, location: 2F
2-2: Foul Ball, location: 2F
2-2: SINGLE (Groundball, 6MD)
Eddie O'Bryan to third
Runner from 3rd tries for Home, throw and OUT!
Batting: RHB Tommy Jones 0-0: Foul Ball, location: 2F
0-1: Ball
1-1: Swinging Strike
1-2: Strikes out swinging
Bottom of the 5th over - 0 runs, 2 hits, 0 errors, 1 left on base; Philadelphia 1776 3 - Boston 0
TOP OF THE 6TH
Philadelphia 1776 BC batting - Pitching for Boston Patriots : RHP Cameron Frye
Batting: RHB Fernando Rivera 0-0: Called Strike
0-1: Ground out 5-3 (Groundball, 56)
Batting: LHB Jeff Rutherford 0-0: Ball
1-0: Called Strike
1-1: Ball
2-1: Ball
3-1: SINGLE (Flyball, 9LS)
Batting: RHB John Schnatter 0-0: Foul Ball, location: 2F
0-1: Called Strike
0-2: Fly out, F8 (Flyball, 8LM)
Batting: LHB Cliff Aldridge 0-0: Ball
1-0: Called Strike
1-1: Called Strike
1-2: Strikes out swinging
Top of the 6th over - 0 runs, 1 hit, 0 errors, 1 left on base; Philadelphia 1776 3 - Boston 0
BOTTOM OF THE 6TH
Boston Patriots batting - Pitching for Philadelphia 1776 BC : RHP Bill Tugwell
Batting: RHB Karl Schultz 0-0: Ball
1-0: Called Strike
1-1: Called Strike
1-2: Ball
2-2: Ball
3-2: Ground out 5-3 (Groundball, 56S)
Batting: LHB Timmy Appeldoorn 0-0: Fly out, F7 (Flyball, 78M)
Batting: RHB Tamasaburo Kato 0-0: Called Strike
0-1: Ground out 6-3 (Groundball, 6D)
Bottom of the 6th over - 0 runs, 0 hits, 0 errors, 0 left on base; Philadelphia 1776 3 - Boston 0
TOP OF THE 7TH
Philadelphia 1776 BC batting - Pitching for Boston Patriots : RHP Cameron Frye
Batting: RHB Dave Morris 0-0: Ball
1-0: Ball
2-0: Called Strike
2-1: Called Strike
2-2: Foul Ball, location: 2F
2-2: Foul Ball, location: 2F
2-2: Foul Ball, location: 2F
2-2: Fly out, F7 (Flyball, 78D)
Batting: RHB Kent Summey 0-0: Foul Ball, location: 2F
0-1: Ball
1-1: Foul Ball, location: 2F
1-2: Ball
2-2: Ball
3-2: SOLO HOME RUN (Flyball, 7LD), Distance : 361 ft
Pitching: RHP Doug Carlton
Batting: LHB José Rodríguez 0-0: Ball
1-0: Ball
2-0: Called Strike
2-1: Ball
3-1: Called Strike
3-2: Base on Balls
Batting: LHB Tony Vega 0-0: Swinging Strike
0-1: Called Strike
0-2: Ball
1-2: Strikes out looking
Batting: LHB Manoo Satyavrat 0-0: Called Strike
0-1: Swinging Strike
0-2: Ball
1-2: Hit by Pitch
José Rodríguez to second
Batting: RHB Fernando Rivera 0-0: Ball
1-0: Foul Ball, location: 2F
1-1: Foul Ball, location: 2F
1-2: Foul Ball, location: 2F
1-2: Strikes out swinging
Top of the 7th over - 1 run, 1 hit, 0 errors, 2 left on base; Philadelphia 1776 4 - Boston 0
BOTTOM OF THE 7TH
Boston Patriots batting - Pitching for Philadelphia 1776 BC : RHP Bill Tugwell
Batting: RHB Terry Armstrong 0-0: SINGLE (Flyball, 7S)
Batting: SHB Jorge Velázquez 0-0: Called Strike
0-1: Ball
1-1: Called Strike
1-2: Ball
2-2: Strikes out looking
Batting: RHB Eddie O'Bryan 0-0: Ball
1-0: Called Strike
1-1: Ball
2-1: Ball
3-1: Base on Balls
Terry Armstrong to second
Batting: LHB Alberto Enríquez 0-0: Called Strike
0-1: Called Strike
0-2: Ball
1-2: Ball
2-2: 3-RUN HOME RUN (Flyball, 9D), Distance : 386 ft
Batting: LHB Bill Chambers 0-0: Called Strike
0-1: Ball
1-1: Called Strike
1-2: Ball
2-2: Ball
3-2: Foul Ball, location: 2F
3-2: Strikes out looking
Pitching: RHP Bernardo Valdés
Batting: RHB Tommy Jones 0-0: Ground out 4-3 (Groundball, 4)
Bottom of the 7th over - 3 runs, 2 hits, 0 errors, 0 left on base; Philadelphia 1776 4 - Boston 3
TOP OF THE 8TH
Philadelphia 1776 BC batting - Pitching for Boston Patriots : RHP Doug Carlton
Pitching: RHP Jorge Aguirre
Batting: LHB Jeff Rutherford 0-0: Called Strike
0-1: Called Strike
0-2: Ball
1-2: Foul Ball, location: 2F
1-2: Strikes out swinging
Batting: RHB John Schnatter 0-0: Called Strike
0-1: Foul Ball, location: 2F
0-2: Ball
1-2: Strikes out looking
Batting: LHB Cliff Aldridge 0-0: Ball
1-0: Ball
2-0: Called Strike
2-1: Foul Ball, location: 2F
2-2: Strikes out swinging
Top of the 8th over - 0 runs, 0 hits, 0 errors, 0 left on base; Philadelphia 1776 4 - Boston 3
BOTTOM OF THE 8TH
Boston Patriots batting - Pitching for Philadelphia 1776 BC : RHP Bernardo Valdés
Batting: RHB Karl Schultz 0-0: Ball
1-0: Ball
2-0: Ball
3-0: Called Strike
3-1: Base on Balls
Pitching: LHP Pedro Garza
Pinch Runner at 1st Alfredo García:
Batting: LHB Timmy Appeldoorn 0-0: Called Strike
0-1: Ball
1-1: Swinging Strike
1-2: Ball
2-2: Fly out, F9 (Flyball, 9)
Batting: RHB Tamasaburo Kato 0-0: Ball
1-0: Called Strike
1-1: Ball
2-1: Ground out 6-3 (Groundball, 6S)
Alfredo García to second
Batting: RHB Terry Armstrong 0-0: Ball
1-0: Ground out 6-3 (Groundball, 56)
Bottom of the 8th over - 0 runs, 0 hits, 0 errors, 1 left on base; Philadelphia 1776 4 - Boston 3
TOP OF THE 9TH
Philadelphia 1776 BC batting - Pitching for Boston Patriots : RHP Jorge Aguirre
Now in RF: Alfredo García
Batting: RHB Dave Morris 0-0: Ball
1-0: Foul Ball, location: 2F
1-1: Fly out, F6 (Popup, 6)
Batting: RHB Kent Summey 0-0: Ball
1-0: Ball
2-0: Ball
3-0: Foul Ball, location: 2F
3-1: Called Strike
3-2: Base on Balls
Batting: LHB José Rodríguez 0-0: Called Strike
0-1: Foul Ball, location: 2F
0-2: Ball
1-2: Foul Ball, location: 2F
1-2: Fly out, F5 (Popup, 5F)
Batting: LHB Tony Vega 0-0: Called Strike
0-1: Ball
1-1: Called Strike
1-2: Fly out, F8 (Flyball, 8LD)
Top of the 9th over - 0 runs, 0 hits, 0 errors, 1 left on base; Philadelphia 1776 4 - Boston 3
BOTTOM OF THE 9TH
Boston Patriots batting - Pitching for Philadelphia 1776 BC : LHP Pedro Garza
Pitching: RHP Carlos Ramos
Now at 2B: António Granados
Batting: SHB Jorge Velázquez 0-0: Foul Ball, location: 2F
0-1: SINGLE (Flyball, 7LS)
Batting: RHB Eddie O'Bryan 0-0: Swinging Strike
0-1: Ball
1-1: Foul Ball, location: 2F
1-2: Foul Ball, location: 2F
1-2: Strikes out looking
Batting: LHB Alberto Enríquez 0-0: Swinging Strike
0-1: Foul Ball, location: 2F
0-2: Foul Ball, location: 2F
0-2: Ball
1-2: Ball
2-2: Ball
3-2: Foul Ball, location: 2F
3-2: Foul Ball, location: 2F
3-2: 2-RUN HOME RUN (Line Drive, 89XD), Distance : 416 ft
Tuesday, December 19th, 2017 - OOTP Baseball 18.8 Build 76